 Dungeon Crawl Stone Soup version 0.28.0-49-g6dfe1f597d (webtiles) character file.

Game seed: 10089002627046549521

336 issech the Nimble (level 6, 0/53 HPs)
             Began as a Gnoll Wanderer on May 20, 2022.
             Slain by a scorpion (5 damage)
             ... on level 4 of the Dungeon.
             The game lasted 00:12:51 (4617 turns).

issech the Nimble (Gnoll Wanderer)                  Turns: 4617, Time: 00:12:52

Health: 0/53       AC:  9    Str: 11    XL:     6   Next: 54%
Magic:  9/9        EV:  7    Int:  9    God:
Gold:   93         SH:  0    Dex: 16    Spells: 9/9 levels left

rFire   + . .      SeeInvis .   z - +0 war axe
rCold   . . .      Faith    .   (no shield)
rNeg    . . .      Spirit   .   u - +0 chain mail
rPois   .          Reflect  .   g - +0 hat
rElec   .          Harm     .   (no cloak)
rCorr   .          Rampage  .   (no gloves)
Will    .....                   (no boots)
Stlth   ..........              (no amulet)
HPRegen 0.17/turn               e - ring of protection from fire
MPRegen 0.11/turn               (no ring)

@: confused
A: fangs 1, strong nose, distributed training
a: no special abilities


You were on level 4 of the Dungeon.
You visited 1 branch of the dungeon, and saw 4 of its levels.

You collected 93 gold pieces.

Inventory:

Hand Weapons
 a - a +0 short sword
 p - a +0 flail
 s - a +0 trident
 z - a +0 war axe (weapon)
 A - a +0 whip
 D - a +0 mace
 F - a +0 hunting sling
Missiles
 d - 95 stones (quivered)
 j - 16 arrows
 t - 5 poisoned darts
 y - 39 bolts
Armour
 b - a +2 leather armour
 g - a +0 hat (worn)
 q - a +0 ring mail
 u - a +0 chain mail (worn)
 B - a +0 animal skin
 C - a +0 helmet
Jewellery
 e - a ring of protection from fire (left hand)
Wands
 E - a wand of paralysis (13)
Scrolls
 h - a scroll of blinking {unknown}
 k - a scroll of summoning {unknown}
 l - 2 scrolls of immolation {unknown}
 m - a scroll of silence {unknown}
 r - a scroll of fear {unknown}
 w - a scroll of identify {unknown}
 x - a scroll of teleportation {unknown}
Potions
 c - 2 potions of lignification
 f - 4 potions of heal wounds {unknown}
 i - a potion of haste {unknown}
 n - 3 potions of brilliance {unknown}
 o - a potion of might {unknown}
 v - a potion of resistance {unknown}
 G - a potion of attraction {unknown}


   Skills:
 + Level 6.8 Fighting
 + Level 5.0 Short Blades
 + Level 2.0 Long Blades
 + Level 2.0 Axes
 + Level 2.0 Maces & Flails
 + Level 2.0 Polearms
 + Level 2.0 Staves
 + Level 2.0 Slings
 + Level 2.0 Bows
 + Level 2.0 Crossbows
 + Level 2.0 Throwing
 + Level 3.3 Armour
 + Level 8.8 Dodging
 + Level 2.0 Stealth
 + Level 2.0 Shields
 + Level 2.0 Unarmed Combat
 + Level 2.0 Spellcasting
 + Level 1.6 Conjurations
 + Level 1.6 Hexes
 + Level 1.6 Summonings
 + Level 1.6 Necromancy
 + Level 1.6 Translocations
 + Level 1.6 Transmutations
 + Level 1.6 Fire Magic
 + Level 1.6 Ice Magic
 + Level 1.6 Air Magic
 + Level 1.6 Earth Magic
 + Level 1.6 Poison Magic
 + Level 2.2 Invocations
 + Level 2.0 Evocations


You had 9 spell levels left.
You didn't know any spells.
Your spell library contained the following spells:

 Spells                   Type           Power      Damage    Failure   Level
 Foxfire                  Conj/Fire      12%        2x1d4     100%        1
 Confusing Touch          Hex            3%         N/A       100%        3
 Conjure Flame            Conj/Fire      3%         6-21      100%        3
 Inner Flame              Hex/Fire       3%         N/A       100%        3
 Flame Wave               Conj/Fire      3%         2d4       100%        4
 Yara's Violent Unravell  Hex/Tmut       1%         3d3       100%        5
 Enfeeble                 Hex            1%         N/A       100%        7


Dungeon Overview and Level Annotations

Branches:
Dungeon (4/15)
 Temple: D:4-7

Altars:

Annotations:
D:4 Dowan, Duvessa, Edmund


Innate Abilities, Weirdness & Mutations

You have very sharp teeth.
Your uncanny sense of smell can sniff out nearby items.
Your experience applies equally to all skills.


Message History

The scorpion stings you but does no damage.
Something hits you but does no damage. The scorpion stings you!
You closely miss something. Your bite misses something. You hit the scorpion.
Something hits you but does no damage. The scorpion barely misses you.
You closely miss something. You hit the scorpion but do no damage.
The scorpion stings you. Something hits you but does no damage.
The scorpion stings you. Something hits you.
You barely miss the scorpion.
The scorpion is lightly wounded.
You closely miss something.
The scorpion stings you but does no damage.
Something hits you but does no damage.
The scorpion stings you but does no damage.
You barely miss the scorpion.
The scorpion is lightly wounded.
You hit something.
You hear some strange, mumbled words.
You are confused.
The scorpion stings you!
* * * LOW HITPOINT WARNING * * *
You hear some strange, mumbled words.
You are more confused.
You bump into the rock wall.
The scorpion stings you but does no damage. x2
Something hits you but does no damage.
You completely miss the scorpion. Your bite misses the scorpion.
The scorpion is lightly wounded.
You miss something. The scorpion stings you!
* * * LOW HITPOINT WARNING * * *
You hear some strange, mumbled words.
Something tries to affect you, but you resist.
You bump into the rock wall.
The scorpion closely misses you.
You hear some strange, mumbled words.
A puff of flame appears from out of thin air!
The puff of flame hits you but does no damage.
The scorpion stings you.
* * * LOW HITPOINT WARNING * * *
You bump into the rock wall.
Something hits you but does no damage. The scorpion stings you.
You die...

..$. #... #..#
#..# ####
#..######
.....#.......##
#...oo.....#
###s# #.{@#
#.### #.# #)#
#.# #.## #..#
#..# #..# ##.#
#..# . #.# #..#


You could see a scorpion and 2 orcs.

Vanquished Creatures
  A phantom (D:4)
  A scorpion (D:3)
  A hound (D:3)
  An orc wizard (D:3)
  Robin (D:4)
  3 adders (D:2)
  5 dart slugs
  8 orcs
  8 ball pythons
  7 endoplasms
  A giant cockroach (D:2)
  10 goblins
  11 hobgoblins
  3 jackals (D:3)
  3 quokkas
  7 bats
  5 frilled lizards
  5 kobolds (D:1)
  10 rats
91 creatures vanquished.

Notes
Turn   | Place    | Note
-------+----------+-------------------------------------------
     0 | D:1      | issech the Gnoll Wanderer began the quest for the Orb.
     0 | D:1      | issech set off with the following items: a +0 short sword,
                  | a +2 leather armour, a potion of lignification
     0 | D:1      | Reached XP level 1. HP: 23/23 MP: 1/1
    71 | D:1      | Reached XP level 2. HP: 23/29 MP: 2/2
   376 | D:1      | Reached XP level 3. HP: 33/35 MP: 3/3
   397 | D:1      | Found a faded altar of an unknown god.
   547 | D:1      | Reached skill level 1 in Invocations
  1008 | D:2      | Reached skill level 1 in Long Blades
  1008 | D:2      | Reached skill level 1 in Axes
  1008 | D:2      | Reached skill level 1 in Maces & Flails
  1008 | D:2      | Reached skill level 1 in Polearms
  1008 | D:2      | Reached skill level 1 in Staves
  1008 | D:2      | Reached skill level 1 in Slings
  1008 | D:2      | Reached skill level 1 in Bows
  1008 | D:2      | Reached skill level 1 in Crossbows
  1008 | D:2      | Reached skill level 1 in Throwing
  1008 | D:2      | Reached skill level 1 in Stealth
  1008 | D:2      | Reached skill level 1 in Shields
  1008 | D:2      | Reached skill level 1 in Unarmed Combat
  1008 | D:2      | Reached skill level 1 in Spellcasting
  1008 | D:2      | Reached skill level 1 in Evocations
  1064 | D:2      | Reached XP level 4. HP: 40/41 MP: 5/5
  1887 | D:2      | Reached skill level 1 in Conjurations
  1887 | D:2      | Reached skill level 1 in Hexes
  1887 | D:2      | Reached skill level 1 in Summonings
  1887 | D:2      | Reached skill level 1 in Necromancy
  1887 | D:2      | Reached skill level 1 in Translocations
  1887 | D:2      | Reached skill level 1 in Transmutations
  1887 | D:2      | Reached skill level 1 in Fire Magic
  1887 | D:2      | Reached skill level 1 in Ice Magic
  1887 | D:2      | Reached skill level 1 in Air Magic
  1887 | D:2      | Reached skill level 1 in Earth Magic
  1887 | D:2      | Reached skill level 1 in Poison Magic
  2307 | D:3      | Reached XP level 5. HP: 37/47 MP: 5/7
  3180 | D:4      | Noticed Robin
  3239 | D:4      | Killed Robin
  3246 | D:4      | Noticed a phantom
  3284 | D:4      | Killed a phantom
  3285 | D:4      | Reached XP level 6. HP: 34/53 MP: 8/8
  3297 | D:4      | Noticed Duvessa
  3297 | D:4      | Noticed Dowan
  3299 | D:4      | Noticed Edmund
  4032 | D:3      | Reached skill level 5 in Short Blades
  4617 | D:4      | Slain by a scorpion

Illustrated notes

Levels and vault maps discovered:
D:1:      kennysheep_arrival_seaside, layout_basic,
          dreamdust_ecumenical_altar_sealed_demon, minmay_heptomino_d4
D:2:      layout_basic, roderic_serpentine_path
D:3:      layout_basic
D:4:      layout_loops_ring, tgw_sif, minmay_misc_feat_pillars, uniq_duvessa,
          uniq_robin, uniq_edmund

Skill      XL: |  1  2  3  4  5  6 |
---------------+-------------------+-----
Invocations    | 1 2 |  2.2
Long Blades    | 1 2 |  2.0
Axes           | 1 2 |  2.0
Maces & Flails | 1 2 |  2.0
Polearms       | 1 2 |  2.0
Staves         | 1 2 |  2.0
Slings         | 1 2 |  2.0
Bows           | 1 2 |  2.0
Crossbows      | 1 2 |  2.0
Throwing       | 1 2 |  2.0
Stealth        | 1 2 |  2.0
Shields        | 1 2 |  2.0
Unarmed Combat | 1 2 |  2.0
Spellcasting   | 1 2 |  2.0
Evocations     | 1 2 |  2.0
Conjurations   | 1 |  1.6
Hexes          | 1 |  1.6
Summonings     | 1 |  1.6
Necromancy     | 1 |  1.6
Translocations | 1 |  1.6
Transmutations | 1 |  1.6
Fire Magic     | 1 |  1.6
Ice Magic      | 1 |  1.6
Air Magic      | 1 |  1.6
Earth Magic    | 1 |  1.6
Poison Magic   | 1 |  1.6
Armour         | 3 |  3.3
Short Blades   | 5 |  5.0
Fighting       | |  6.8
Dodging        | |  8.8

Action                   |  1- 3 |  4- 6 || total
-------------------------+-------+-------++-------
Melee: Short sword       |   112 |   144 ||   256
       Bite              |    13 |    29 ||    42
       Punch             |     2 |     5 ||     7
       War axe           |       |    77 ||    77
Throw: Stone             |    25 |    38 ||    63
 Stab: Sleeping          |     3 |     1 ||     4
Armor: Leather armour    |    29 |     3 ||    32
       Ring mail         |       |    41 ||    41
       Chain mail        |       |    83 ||    83
Dodge: Dodged            |    83 |   137 ||   220
